AoeStats
← Grantscherm

Nomad

503211612Analyzed
4v4 RM · 1mo ago on Aug 30, 2026· 73m 27s· 8 players
Game mode
Random Map
Map size
231×231
Population
200
Speed
Normal
Resources
Standard
Victory
Conquest
Starting age
Dark Age
Ending age
Imperial Age
RankedLock teamsTeams togetherTeam positionsShared explorationLock speedFull tech treeHidden civsTurbo modeCheats
Victory
Defeat
🇦🇹 Huns · Austria
1099
+13
🇦🇹 Franks · Austria
1050
+15
🇦🇹 Teutons · Austria
1048
+15
🇦🇹 Vietnamese · Austria
1038
+16
🇲🇹 Japanese · Malta
1053
-16
🇲🇽 Celts · Mexico
1038
-15
🇩🇪 Sicilians · Germany
1030
-15
🇲🇽 Armenians · Mexico
1000
-13
theDude
5:05 Loom
14:00 Feudal Age
14:48 Double-Bit Axe
18:53 Fletching
22:00 Castle Age
20:16 Stone Mining
22:51 Bodkin Arrow
23:12 Medium Warships
30:26 Town Watch
47:48 Wheelbarrow
47:53 Fishing Lines
48:05 Elite Skirmisher
49:11 Pikeman
53:07 Imperial Age
52:27 Bow Saw
52:39 Forging
52:30 Padded Archer Armor
53:14 Scale Mail Armor
54:12 Conscription
54:28 Ballistics
55:08 Chemistry
54:12 Bracer
57:03 Halberdier
liviescu
3:59 Loom
5:23 Loom
6:02 Loom
6:15 Loom
14:11 Feudal Age
14:50 Double-Bit Axe
18:48 Arson
18:26 Man-at-Arms
19:38 Town Watch
21:39 Horse Collar
21:57 Gold Mining
22:17 Scale Mail Armor
22:29 Forging
27:49 Castle Age
28:08 Fletching
28:19 Padded Archer Armor
28:34 Elite Skirmisher
29:14 Bodkin Arrow
29:24 Stone Mining
30:59 Heavy Plow
31:12 Squires
32:05 Leather Archer Armor
34:27 Town Patrol
37:11 Pikeman
39:00 Ballistics
39:07 Fortified Wall
41:23 Iron Casting
44:31 Wheelbarrow
44:23 Bow Saw
45:14 Chain Mail Armor
44:41 Treadmill Crane
44:56 Murder Holes
46:16 Gold Shaft Mining
49:27 Imperial Age
48:03 Masonry
48:56 Hand Cart
51:00 Halberdier
56:57 Conscription
56:50 Fishing Lines
59:49 Two-Man Saw
59:05 Gillnets
62:25 Chemistry
61:57 Kataparuto
62:51 Hoardings
62:24 Elite Samurai
63:04 Halberdier
64:57 Bracer
70:58 Ring Archer Armor
NordicPain
5:31 Loom
17:13 Feudal Age
17:31 Man-at-Arms
18:19 Long Swordsman
22:31 Double-Bit Axe
24:18 Horse Collar
25:26 Pikeman
28:39 Wheelbarrow
32:45 Castle Age
31:55 Fletching
32:06 Padded Archer Armor
32:37 Stone Mining
35:58 Forging
35:49 Scale Mail Armor
35:47 Bodkin Arrow
40:46 Hand Cart
40:38 Heavy Plow
41:48 Gambesons
44:23 Town Watch
44:32 Gold Mining
44:52 Bow Saw
44:58 Bow Saw
47:09 Chain Mail Armor
47:36 Gold Shaft Mining
47:40 Squires
47:25 Arson
48:34 Halberdier
50:09 Iron Casting
55:13 Imperial Age
56:47 Plate Mail Armor
57:00 Conscription
60:29 Blast Furnace
63:17 Caravan
SheepishBump670
5:31 Loom
14:21 Feudal Age
18:35 Fletching
23:09 Gold Mining
27:45 Castle Age
27:29 Double-Bit Axe
30:04 Medium Warships
31:09 Wheelbarrow
33:04 Bodkin Arrow
32:35 Pikeman
41:10 Forging
41:01 Scale Mail Armor
44:51 Bow Saw
47:51 Gold Shaft Mining
47:08 Stone Mining
50:00 Imperial Age
49:23 Iron Casting
49:03 Chain Mail Armor
50:03 Ballistics
50:01 Fortified Wall
49:46 Murder Holes
50:35 Hand Cart
50:57 Halberdier
51:40 Heavy Scorpion
54:26 Blast Furnace
53:57 Plate Mail Armor
56:25 Plate Mail Armor
Chill It's A Game
3:31 Loom
15:04 Feudal Age
15:52 Man-at-Arms
17:04 Forging
17:44 Horse Collar
22:06 Castle Age
22:51 Fletching
23:01 Padded Archer Armor
23:37 Bodkin Arrow
30:08 Thumb Ring
31:46 Ballistics
38:25 Caravan
38:55 Coinage
40:46 Gold Mining
40:46 Stone Mining
40:42 Double-Bit Axe
40:58 Heavy Plow
40:45 Town Watch
43:36 Imperial Age
42:20 Bloodlines
42:10 Husbandry
46:45 Chemistry
45:56 Masonry
50:11 Gold Shaft Mining
49:48 Bow Saw
50:15 Wheelbarrow
49:25 Town Watch
54:54 Conscription
54:57 Caravan
55:27 Banking
59:02 Elite Skirmisher
60:26 Bracer
60:41 Leather Archer Armor
61:03 Parthian Tactics
60:06 Heavy Cavalry Archer
69:28 Imperial Skirmisher
73:31 Scale Barding Armor
Grantscherm
6:05 Loom
14:33 Feudal Age
15:54 Double-Bit Axe
17:36 Wheelbarrow
19:25 Town Watch
19:42 Fletching
19:53 Padded Archer Armor
21:20 Horse Collar
25:19 Castle Age
26:37 Crossbowman
34:00 Bodkin Arrow
48:48 Gold Mining
51:07 Hand Cart
50:54 Town Patrol
53:30 Imperial Age
51:45 Stone Mining
52:29 Ballistics
52:05 Murder Holes
53:40 Leather Archer Armor
54:35 Paper Money
53:36 Elite Rattan Archer
53:42 Capped Ram
57:08 Chemistry
56:10 Bracer
56:40 Ring Archer Armor
56:19 Siege Engineers
57:08 Arbalester
61:53 Thumb Ring
61:38 Elite Skirmisher
68:51 Imperial Skirmisher
71:21 Elite Battle Elephant
zom-bi
8:39 Loom
16:08 Feudal Age
22:03 Castle Age
26:34 Husbandry
29:18 Scale Barding Armor
31:46 Forging
38:44 Wheelbarrow
40:36 Iron Casting
40:58 Hand Cart
41:00 Gold Mining
40:58 Double-Bit Axe
41:09 Town Watch
43:00 Gold Shaft Mining
42:19 Stone Mining
42:53 Chain Barding Armor
43:26 Town Patrol
48:26 Imperial Age
49:05 Fletching
50:53 Ballistics
51:44 Blast Furnace
51:20 Plate Barding Armor
50:08 Cavalier
51:59 Paladin
56:29 Murder Holes
58:37 Chemistry
60:26 Conscription
61:37 Onager
63:11 Hoardings
62:35 Bodkin Arrow
68:07 Caravan
bicki1
11:09 Loom
16:27 Feudal Age
20:04 Castle Age
18:31 Horse Collar
19:25 Double-Bit Axe
19:43 Fishing Lines
23:22 Bow Saw
24:39 Forging
24:35 Scale Barding Armor
25:37 Bloodlines
29:31 Gold Mining
29:32 Stone Mining
30:19 Wheelbarrow
29:30 Town Watch
30:50 Heavy Plow
30:50 Gillnets
32:00 Iron Casting
31:46 Chain Barding Armor
31:17 Fletching
32:50 Ballistics
33:34 Hand Cart
33:20 Town Patrol
37:23 Careening
37:12 Heated Shot
41:35 Imperial Age
41:06 Bodkin Arrow
41:34 Masonry
41:46 Cavalier
43:44 Two-Man Saw
43:17 Crop Rotation
43:18 Crenellations
43:39 Hoardings
43:26 Conscription
43:22 Paladin
53:53 Blast Furnace
53:29 Plate Barding Armor
58:14 Chemistry
57:19 Siege Engineers
Connection lost

Rejoining the realm…

Still unreachable

The connection could not be restored.

Session expired

The server has moved on; the page needs a fresh start.